 Dungeon Crawl Stone Soup version 0.27.1-33-g824d729ab1 (webtiles) character file.

Game seed: 13183215096618088347

161 Atelerd the Digger (level 5, -1/31 HPs)
             Began as an Octopode Earth Elementalist on Dec 23, 2021.
             Slain by Grinder (5 damage)
             ... on level 3 of the Dungeon.
             The game lasted 00:04:41 (3907 turns).

Atelerd the Digger (Octopode Earth Elementalist)    Turns: 3907, Time: 00:04:42

Health: -1/31      AC:  1    Str:  7    XL:     5   Next: 42%
Magic:  0/10       EV: 13    Int: 19    God:
Gold:   65         SH:  0    Dex: 18    Spells: 5/10 levels left

rFire    . . .     SeeInvis .   m - +0 falchion (elec)
rCold    . . .     Faith    .   (no shield)
rNeg     . . .     Spirit   .   (helmet restricted)
rPois    .         Reflect  .   (no amulet)
rElec    .         Harm     .   i - +6 ring of dexterity
rCorr    .         Rampage  .   (no ring)
Will     .....                  (no ring)
Stlth    +++.......             (no ring)
HPRegen  0.10/turn              (no ring)
MPRegen  0.12/turn              (no ring)
                                (no ring)
                                (no ring)

@: very slightly contaminated
A: almost no armour, amphibious, 8 rings, camouflage 1, gelatinous body 1,
(nimble swimmer 1), tentacles
a: no special abilities


You were on level 3 of the Dungeon.
You visited 1 branch of the dungeon, and saw 3 of its levels.

You collected 65 gold pieces.

Inventory:

Hand Weapons
 d - a +0 short sword
 e - a +1 short sword of venom
 m - a +0 falchion of electrocution (weapon)
Missiles
 b - 43 stones
Jewellery
 i - a +6 ring of dexterity (left tentacle)
Scrolls
 a - a scroll of magic mapping {unknown}
 c - 3 scrolls of identify {unknown}
 g - 2 scrolls of teleportation {unknown}
 j - 2 scrolls of enchant weapon {unknown}
 k - a scroll of brand weapon {unknown}
 l - 2 scrolls of fog {unknown}
Potions
 f - 3 potions of flight {unknown}
 h - a potion of might {unknown}


   Skills:
 - Level 2.0 Dodging
 - Level 2.6 Stealth
 + Level 3.3 Spellcasting
 - Level 3.0 Transmutations
 + Level 4.1 Earth Magic


You had 5 spell levels left.
You knew the following spells:

 Your Spells              Type           Power      Damage    Failure   Level
a - Sandblast             Erth           36%        2d10      2%          1
p - Petrify               Tmut/Erth      16%        N/A       34%         4

Your spell library contained the following spells:

 Spells                   Type           Power      Damage    Failure   Level
 Passwall                 Tmut/Erth      13%        N/A       5%          2
 Foxfire                  Conj/Fire      12%        2x1d4     14%         1
 Stone Arrow              Conj/Erth      22%        3d8       19%         3
 Conjure Flame            Conj/Fire      3%         6-21      41%         3
 Gell's Gravitas          Tloc           1%         N/A       41%         3
 Inner Flame              Hex/Fire       3%         N/A       41%         3
 Lesser Beckoning         Tloc           1%         N/A       41%         3
 Teleport Other           Tloc           3%         N/A       41%         3
 Malign Gateway           Summ/Tloc      1%         N/A       100%        7
 Summon Horrible Things   Summ           1%         N/A       100%        8


Dungeon Overview and Level Annotations

Branches:
Dungeon (3/15)

Altars:

Annotations:
D:3 Grinder


Innate Abilities, Weirdness & Mutations

You cannot wear most types of armour.
You are amphibious.
You can wear up to eight rings at the same time.
Your skin changes colour to match your surroundings (Stealth+).
Your rubbery body absorbs attacks. (AC +1, EV +1)
((You are camouflaged near water. (Stealth+)))
You have tentacles for arms and can constrict up to eight enemies at once.


Message History

Press: ? - help, Shift-Dir - straight line, f - Grinder
Aim: Grinder (wandering, hasn't noticed you, chance to affect: 47%)
You miscast Petrify.
You are very lightly contaminated with residual magic.
Nothing appears to happen.
Grinder shouts!
Grinder gestures at you. Pain shoots through your body!
Casting: Petrify (extremely dangerous; 34% risk of failure)
Confirm with . or Enter, or press ? or * to list all spells.
The spell is extremely dangerous to cast (34% risk of failure)!
Continue anyway?
Aiming: Petrify (extremely dangerous; 34% risk of failure)
Press: ? - help, Shift-Dir - straight line, f/p - Grinder
Aim: Grinder (chance to affect: 47%)
You miscast Petrify.
Nothing appears to happen.
Unknown command.
Grinder blinks!
You see here a +0 hunting sling.
Grinder gestures at you. You resist with significant effort.
You see here a rat skeleton.
Grinder gestures at you.
You suddenly lose the ability to move!
Your magical contamination has completely faded away.
Grinder hits you but does no damage. Grinder gestures at you.
Pain shoots through your body!
You can move again.
Casting: Petrify (extremely dangerous; 34% risk of failure)
Confirm with . or Enter, or press ? or * to list all spells.
The spell is extremely dangerous to cast (34% risk of failure)!
Continue anyway?
Aiming: Petrify (extremely dangerous; 34% risk of failure)
Press: ? - help, Shift-Dir - straight line, f/p - Grinder
Aim: Grinder (chance to affect: 47%)
You miscast Petrify.
You are very lightly contaminated with residual magic.
Your limbs ache and wobble like jelly.
Grinder hits you.
* * * LOW HITPOINT WARNING * * *
You writhe in agony.
You die...

....#.))..#####.....K.(. #..#
..).#..#.....######.#### #.##
....#..#.###..## .# ##.#
....##.#...##..## # #..#
.....#÷##...##÷.# #..#
.....#..#....##.# ####..#
#######.##....#.## #†<...#
#..##...#.5# #.###.#
##..###)..@#######.###.#
##...####.#...........#
###......#.###...########
##############.....# #.###.......
#...........##########...........
#..########.# #...##....... ##.#
#.# ##..######.### #.# #.# ##...#
#.# #.# #.#######..#.# ##.##


You could see Grinder.

Vanquished Creatures
  Robin (D:2)
  5 adders
  A worm (D:2)
  3 dart slugs
  3 orcs
  4 endoplasms
  4 giant cockroaches
  13 goblins
  6 hobgoblins
  10 jackals
  5 quokkas
  8 ball pythons
  7 bats
  2 frilled lizards
  6 kobolds
  9 rats
87 creatures vanquished.

Notes
Turn   | Place    | Note
-------+----------+-------------------------------------------
     0 | D:1      | Atelerd the Octopode Earth Elementalist began the quest for
                  | the Orb.
     0 | D:1      | Reached XP level 1. HP: 11/11 MP: 3/3
   192 | D:1      | Reached XP level 2. HP: 17/17 MP: 3/5
   579 | D:1      | Reached XP level 3. HP: 14/21 MP: 0/6
  1735 | D:2      | Found a faded altar of an unknown god.
  1742 | D:2      | Reached XP level 4. HP: 21/27 MP: 4/8
  2488 | D:2      | Noticed Robin
  2577 | D:2      | Killed Robin
  3063 | D:3      | Reached XP level 5. HP: 31/31 MP: 6/9
  3115 | D:3      | Reached skill level 4 in Earth Magic
  3678 | D:3      | Noticed Grinder
  3754 | D:2      | Learned a level 4 spell: Petrify
  3900 | D:3      | Paralysed by Grinder for 7 turns
  3907 | D:3      | Slain by Grinder

Illustrated notes

Levels and vault maps discovered:
D:1:      saegor_arrival_simple_c, layout_loops_cross
D:2:      layout_loops_ring, serial_co_window_serial, co_window_corner_a,
          co_window_paths_a, co_window_corner_a, co_window_corner_a,
          co_window_paths_a, co_window_broadway_b, co_window_corner_b,
          co_window_of_opportunity_b, co_window_2corner, co_window_4corner_b,
          glass_columns_c, hellmonk_ecumenical_altar_dog_temple,
          minmay_tree_intersection, uniq_robin
D:3:      minmay_evil_eye, layout_rooms, minmay_hedge_maze, minmay_puff,
          uniq_grinder

Skill      XL: |  1  2  3  4  5 |
---------------+----------------+-----
Transmutations | 2 3 |  3.0
Spellcasting   | 3 |  3.3
Earth Magic    | 4 |  4.1
Dodging        | |  2.0
Stealth        | |  2.6

Action                   |  1- 3 |  4- 6 || total
-------------------------+-------+-------++-------
Melee: Unarmed           |     1 |       ||     1
       Short sword       |    23 |    32 ||    55
       Constrict         |     5 |    10 ||    15
       Tentacles         |     4 |     8 ||    12
       Falchion          |       |     1 ||     1
 Cast: Sandblast         |    40 |    42 ||    82
 Stab: Sleeping          |     3 |     7 ||    10
Armor: Skin              |       |     3 ||     3
Dodge: Dodged            |    20 |    38 ||    58
